 Dungeon Crawl Stone Soup version 0.17.1-3-g152610e (webtiles) character file.

34 kaze the Ruffian (level 3, 0/36 HPs)
             Began as a Troll Berserker on Mar 1, 2016.
             Was a Believer of Trog.
             Slain by a gnoll
             ... wielding a +0 flail
              (11 damage)
             ... on level 1 of the Dungeon.
             The game lasted 00:01:38 (625 turns).

kaze the Ruffian (Troll Berserker)                   Turns: 625, Time: 00:01:38

Health: 0/36       AC:  5    Str: 26    XL:     3   Next: 14%
Magic:  2/2        EV: 10    Int:  3    God:    Trog [**....]
Gold:   27         SH:  0    Dex:  9    Spells: 0 memorised, 2 levels left

rFire  . . .     SeeInvis .       - Unarmed
rCold  . . .     Clarity  .     a - +0 animal skin
rNeg   . . .     SustAt   .     (no shield)
rPois  .         Gourm    +     (helmet restricted)
rElec  .         Spirit   .     (no cloak)
rCorr  .         Warding  .     (gloves unavailable)
rMut   .         Stasis   .     (boots unavailable)
MR     .....                    (no amulet)
Stlth  +.........               (no ring)
                                (no ring)

@: not resistant to hostile enchantments, very unstealthy
A: unfitting armour, claws 3, fast metabolism 3, gourmand, regeneration 2,
shaggy fur 1, tough skin 2
a: Berserk, Trog's Hand, Burn Spellbooks, Renounce Religion


You were on level 1 of the Dungeon.
You worshipped Trog.
Trog was pleased with you.
You were completely stuffed.

You visited 1 branch of the dungeon, and saw 1 of its levels.

You collected 27 gold pieces.

Inventory:

Armour
 a - a +0 animal skin (worn)
 f - a +0 shield
Scrolls
 h - a scroll of remove curse {unknown}
 i - a scroll of magic mapping {unknown}
 j - 2 scrolls of identify {unknown}
 k - a scroll of recharging {unknown}
Potions
 c - a potion of flight {unknown}
 e - a potion of lignification {unknown}
Comestibles
 b - 2 bread rations
 d - 4 chunks of flesh
 g - a meat ration


   Skills:
 + Level 2.8 Fighting
 + Level 2.8 Dodging
 + Level 3.4 Unarmed Combat


You had 2 spell levels left.
You didn't know any spells.

Dungeon Overview and Level Annotations

Branches:
Dungeon (1/15)

Altars:


Innate Abilities, Weirdness & Mutations

You are too large for most types of armour.
You have claws for hands.
Your metabolism is lightning-fast.
You like to eat raw meat.
You heal very quickly.
You are covered in fur (AC +1).
You have very tough skin (AC +2).


Message History

There is a stone staircase leading down here.
A gnoll comes into view. It is wielding a flail.
The gnoll shouts!
A hobgoblin comes into view. It is wielding a club.
The hobgoblin shouts!
The gnoll hits you with a flail!
You closely miss the gnoll.
The hobgoblin hits you but does no damage.
The gnoll hits you with a flail!
You closely miss the gnoll. The hobgoblin barely misses you.
You scratch the gnoll.
The gnoll is heavily wounded.
The gnoll closely misses you.
You scratch the gnoll but do no damage.
The gnoll is heavily wounded.
The hobgoblin hits you with a club. The gnoll barely misses you.
You scratch the gnoll.
The gnoll is severely wounded.
The hobgoblin hits you with a club. The gnoll hits you with a flail!
You die...

#.#####.....................
###.########................##
####...........................#
.....#.########................#
...###.# #......>.........#
...###.# #......).........#
..)#...# #................##
##...### ####..............###
##..# #####...@g...>#......####
#...####...>.###g#####....#####รท
#.#.##...#######.# ####.......
##.#....### ##..## #####...#
##.##...# #....# ##...#....
......#.# #.##.# ##.........
..#####.## #.##.## #..........
.........## ####...####..)......
#.........####.........####......


You could see a gnoll and a hobgoblin.

Vanquished Creatures
  A gnoll (D:1)
  2 bats (D:1)
  A hobgoblin (D:1)
  6 jackals (D:1)
  3 goblins (D:1)
  5 kobolds (D:1)
  6 rats (D:1)
24 creatures vanquished.

Notes
Turn   | Place    | Note
--------------------------------------------------------------
     0 | D:1      | kaze the Troll Berserker began the quest for the Orb.
     0 | D:1      | Reached XP level 1. HP: 22/22 MP: 0/0
    26 | D:1      | Reached XP level 2. HP: 29/29 MP: 1/1
   325 | D:1      | Reached ** piety under Trog
   430 | D:1      | Reached XP level 3. HP: 36/36 MP: 2/2
   625 | D:1      | Slain by a gnoll

Action                   || total
-------------------------++-------
Melee: Unarmed           ||    55
  Eat: Chunk             ||    11
